 Dungeon Crawl Stone Soup version 0.32-a0-485-g70f7560b1c (webtiles) character file.

Game seed: 12482480914747020837

100 bearlyready the Chopper (level 4, -2/35 HPs)
             Began as a Coglin Monk on Feb 26, 2024.
             Slain by Edmund
             ... wielding a +4 heavy dire flail
              (15 damage)
             ... on level 4 of the Dungeon.
             The game lasted 00:02:13 (1558 turns).

bearlyready the Chopper (Coglin Monk)               Turns: 1558, Time: 00:02:14

Health: -2/35      AC:  5    Str: 11 (13) XL:     4   Next: 74%
Magic:  4/4        EV: 12    Int:  8 (10) God:
Gold:   73         SH:  0    Dex: 15 (16) Spells: 3/3 levels left

rFire   . . .        a - +0 hand axe {Renate}
rCold   . . .        d - orb {light}
rNeg    . . .        h - +0 leather armour
rPois   .            (no helmet)
rElec   .            (no cloak)
rCorr   .            c - +1 pair of gloves
SInv    .            (no boots)
Will    .....        (no amulet)
Stlth   +            (ring unavailable)
HPRegen 0.25/turn    (ring unavailable)
MPRegen 0.09/turn

%: no passive effects
@: glowing, revved
A: off-hand wielding, slow wielding, warmup strikes, no rings
a: no special abilities


You were on level 4 of the Dungeon.
You visited 1 branch of the dungeon, and saw 4 of its levels.

You collected 73 gold pieces.

Inventory:

Hand Weapons
 a - a +0 hand axe (weapon) {Renate}
Missiles
 e - a throwing net (quivered)
Armour
 b - a +0 robe
 c - a +1 pair of gloves (worn)
 d - an orb of light (worn)
 h - a +0 leather armour (worn)
Potions
 i - a potion of curing {unknown}
 j - a potion of heal wounds {unknown}
 k - a potion of mutation {unknown}
 l - a potion of haste {unknown}


   Skills:
 - Level 3.0 Fighting
 + Level 5.3 Axes
 - Level 2.6 Dodging


You had 3 spell levels left.
You didn't know any spells.
Your spell library was empty.

Dungeon Overview and Level Annotations

Branches:
Dungeon (4/15)
 Temple: D:4-7

Altars:
Xom
The Shining One

Shops:
D:1 =

Annotations:
D:4 Edmund


Innate Abilities, Weirdness & Mutations

You can wield a second weapon in your off-hand.
It takes a long time for you to wield or remove held weapons.
Your first few attacks do less damage.
Your grasper-arms cannot wear rings.


Message History

Found a stone staircase leading down.
Found a quarterstaff.
Found a scale mail.
Found an escape hatch in the ceiling.
Found a stone staircase leading down.
Edmund, a hobgoblin and a kobold come into view.
Edmund is wielding a +4 heavy dire flail.
The kobold is wielding a +0 dagger and quivering poisoned darts.
Found 12 gold pieces.
Edmund shouts!
The hobgoblin shouts!
The kobold shouts!
It was a potion of degeneration.
There was something very wrong with that liquid.
You feel weakened.
You feel dopey.
You feel clumsy. Edmund closely misses you. The kobold misses you.
You hit Edmund.
Edmund is lightly wounded.
You hit the kobold but do no damage. The kobold closely misses you.
You hit Edmund.
Edmund is lightly wounded.
You hit the hobgoblin. You hit the kobold. Edmund barely misses you.
The kobold hits you but does no damage. The hobgoblin barely misses you.
You barely miss Edmund.
Edmund is lightly wounded.
You hit the hobgoblin but do no damage. You hit the kobold.
You kill the kobold!
Edmund says, "People think my brother is the best.
I think he's crazy."
Edmund hits you with a +4 heavy dire flail!
The hobgoblin hits you but does no damage.
You hit the hobgoblin.
The hobgoblin is severely wounded.
You hit Edmund but do no damage. The hobgoblin hits you.
You hit the hobgoblin.
The hobgoblin is almost dead.
You hit Edmund.
Edmund hits you with a +4 heavy dire flail!
The hobgoblin hits you.
You hit the hobgoblin.
You kill the hobgoblin!
You hit Edmund.
Edmund hits you with a +4 heavy dire flail!
You die...
Edmund whines, "They better pay attention to me now!"

#.# #.# #.#
#.# #.#######
#........
######...[....
#.............
#....@@...####
......)..###
..$......#
...>...<..
.........##
..######## ..


You could see Edmund.

Vanquished Creatures
  4 gnolls
  An adder (D:3)
  A dart slug (D:1)
  11 giant cockroaches
  4 goblins
  A hobgoblin (D:4)
  7 kobolds
  3 quokkas
  8 ball pythons
  4 bats
  A frilled lizard (D:2)
  A rat (D:3)
46 creatures vanquished.

Notes
Turn   | Place    | Note
-------+----------+-------------------------------------------
     0 | D:1      | bearlyready the Coglin Monk began the quest for the Orb.
     0 | D:1      | Reached XP level 1. HP: 18/18 MP: 1/1
    13 | D:1      | Found Foerr's Jewellery Emporium.
   165 | D:1      | Reached XP level 2. HP: 24/24 MP: 2/2
   655 | D:2      | Reached skill level 4 in Axes
   728 | D:2      | Reached XP level 3. HP: 29/29 MP: 3/3
   973 | D:2      | Reached XP level 4. HP: 15/35 MP: 4/4
  1152 | D:2      | Reached skill level 5 in Axes
  1152 | D:2      | Found a glowing golden altar of the Shining One.
  1220 | D:2      | You fall into a shaft and drop 1 floor!
  1380 | D:3      | Found a shimmering altar of Xom.
  1549 | D:4      | Noticed Edmund
  1558 | D:4      | Slain by Edmund

Illustrated notes

Levels and vault maps discovered:
D:1:      ncdulo_watergridlock, layout_basic, serial_shops, shop
D:2:      minmay_roachtagon, layout_rooms, basic_altar
D:3:      layout_basic, nicolae_overflow_crystal_walls,
          nicolae_wu_jian_glorious_leap, lemuel_doored_altar
D:4:      layout_basic, grunt_dithmenos_smoke_and_mirrors, uniq_ijyb,
          uniq_sigmund, uniq_edmund

Skill      XL: |  1  2  3  4 |
---------------+-------------+-----
Axes           | 4 5 |  5.3
Fighting       | |  3.0
Dodging        | |  2.6

Action                     |  1- 3 |  4- 6 || total
---------------------------+-------+-------++-------
  Melee: Hand axe          |    98 |    50 ||   148
    Use: Potion            |     1 |     1 ||     2
         Scroll            |       |     1 ||     1
 Armour: Robe              |    11 |       ||    11
         Leather armour    |    72 |    63 ||   135
  Dodge: Dodged            |    91 |    50 ||   141

Table legend: (Time is in decaauts)
 A = Elapsed time spent in this place.
 B = Non-inter-level travel time spent in this place.
 C = Inter-level travel time spent in this place.
 D = Time resting spent in this place.
 E = Time spent auto-exploring this place.
 F = Levels seen in this place.
 G = Mean time per level.
                   A        B        C        D        E       F      G
               +--------+--------+--------+--------+--------+-----+--------+
         Total |   1571 |   1554 |     17 |    185 |    981 |   4 |  392.8 |
       Dungeon |   1571 |   1554 |     17 |    185 |    981 |   4 |  392.8 |
               +--------+--------+--------+--------+--------+-----+--------+

Top non-repeatable levels by time:
     D:1: 785 daAuts
     D:2: 447 daAuts
     D:3: 223 daAuts
     D:4: 114 daAuts
